 Dungeon Crawl Stone Soup version 0.20.0-10-g0535bb4 (webtiles) character file.

130 grindst0ne the Ruffian (level 4, 0/44 HPs)
             Began as a Troll Monk on June 4, 2017.
             Slain by an orc (3 damage)
             ... on level 3 of the Dungeon.
             The game lasted 00:02:50 (1452 turns).

grindst0ne the Ruffian (Troll Monk)                 Turns: 1452, Time: 00:02:51

Health: 0/44       AC:  5    Str: 19    XL:     4   Next: 90%
Magic:  3/3        EV: 10    Int:  6    God:
Gold:   122        SH:  0    Dex: 13    Spells: 3/3 levels left

rFire    . . .     SeeInvis .     - Unarmed
rCold    . . .     Gourm    +   (no shield)
rNeg     . . .     Faith    .   a - +0 robe
rPois    .         Spirit   .   (helmet restricted)
rElec    .         Reflect  .   (no cloak)
rCorr    .         Harm     .   (gloves unavailable)
MR       .....                  (boots unavailable)
Stlth    +.........             (no amulet)
Regen    0.6/turn               (no ring)
MPRegen  0.1/turn               (no ring)

@: confused
A: unfitting armour, claws 3, fast metabolism 3, gourmand, regeneration 1,
shaggy fur 1, tough skin 2
a: no special abilities


You were on level 3 of the Dungeon.
You were full.

You visited 1 branch of the dungeon, and saw 3 of its levels.

You collected 122 gold pieces.

Inventory:

Armour
 a - a +0 robe (worn)
 k - a cursed +0 large shield
Scrolls
 d - 2 scrolls of fear {unknown}
 e - a scroll of enchant armour {unknown}
 j - a scroll of teleportation {unknown}
 l - 2 scrolls of identify {unknown}
 n - a scroll of fog {unknown}
 q - a scroll of blinking {unknown}
Potions
 c - 4 potions of heal wounds {unknown}
 f - a potion of haste {unknown}
 g - 2 potions of curing {unknown}
 m - a potion of magic {unknown}
 o - 2 potions of mutation {unknown}
 p - a potion of resistance {unknown}
Comestibles
 b - 2 bread rations
 h - 4 fruits
 i - a meat ration


   Skills:
 - Level 2.4 Fighting
 - Level 2.4 Dodging
 - Level 1.0 Stealth
 + Level 5.6 Unarmed Combat


You had 3 spell levels left.
You didn't know any spells.

Dungeon Overview and Level Annotations

Branches:
Dungeon (3/15)

Altars:


Innate Abilities, Weirdness & Mutations

You are too large for most types of armour.
You have claws for hands.
Your metabolism is lightning-fast.
You like to eat raw meat.
Your natural rate of healing is unusually fast.
You are covered in fur. (AC +1)
You have very tough skin. (AC +2)


Message History

The orc hits you.
You bump into the rock wall.
The orc hits you with an enchanted short sword.
The orc completely misses you.
You completely miss the orc. The orc wizard hits you with a dagger.
* * * LOW HITPOINT WARNING * * *
The orc hits you with an enchanted short sword.
* * * LOW HITPOINT WARNING * * *
The orc hits you but does no damage.
You bump into the rock wall.
The orc wizard hits you but does no damage.
The orc hits you with an enchanted short sword.
* * * LOW HITPOINT WARNING * * *
The orc barely misses you.
You scratch the orc.
The orc is severely wounded.
The orc wizard hits you with a dagger.
* * * LOW HITPOINT WARNING * * *
The orc closely misses you. The orc hits you.
You die...

.#.... .....
#.... #... #..##
#..## ..
##$.#####.:.
##ooo........
+#.@o.....#...
#....<...###..
#..........#...
#............)...
#.###########.#.#
#. .... # ... ..


You could see an orc priest, an orc wizard and 2 orcs.

Vanquished Creatures
  Jessica (D:2)
  6 adders (D:2)
  2 worms (D:2)
  3 dart slugs
  A leopard gecko (D:2)
  An orc (D:3)
  7 bats
  3 hobgoblins
  9 kobolds
  2 frilled lizards (D:2)
  5 goblins (D:1)
  A rat (D:1)
41 creatures vanquished.

Notes
Turn   | Place    | Note
-------+----------+-------------------------------------------
     0 | D:1      | grindst0ne the Troll Monk began the quest for the Orb.
     0 | D:1      | Reached XP level 1. HP: 22/22 MP: 0/0
   117 | D:1      | Reached XP level 2. HP: 29/29 MP: 1/1
   449 | D:1      | Reached skill level 4 in Unarmed Combat
   763 | D:2      | Reached XP level 3. HP: 36/36 MP: 2/2
  1142 | D:2      | Reached XP level 4. HP: 42/44 MP: 3/3
  1145 | D:2      | Reached skill level 5 in Unarmed Combat
  1241 | D:2      | Noticed Jessica
  1250 | D:2      | Killed Jessica
  1452 | D:3      | Slain by an orc

Skill      XL: |  1  2  3  4 |
---------------+-------------+-----
Unarmed Combat | 4 5 |  5.6
Fighting       | |  2.4
Dodging        | |  2.4
Stealth        | |  1.0

Action                   |  1- 3 |  4- 6 || total
-------------------------+-------+-------++-------
Melee: Unarmed           |    80 |    41 ||   121
       Punch             |       |     1 ||     1
 Stab: Sleeping          |     5 |     1 ||     6
  Eat: Chunk             |    12 |     4 ||    16
Armor: Robe              |    35 |    12 ||    47
Dodge: Dodged            |    39 |    13 ||    52
